 Dungeon Crawl Stone Soup version 0.27.0-1-g7a089689b8 (webtiles) character file.

Game seed: 3816719829244306076

2543 Dann the Thaumaturge (level 9, 0/57 HPs)
             Began as a Djinni Hedge Wizard on Aug 9, 2021.
             Slain by a killer bee (2 damage)
             ... on level 7 of the Dungeon.
             The game lasted 00:39:27 (11320 turns).

Dann the Thaumaturge (Djinni Hedge Wizard)         Turns: 11320, Time: 00:39:28

Health: 0/57       AC:  7    Str:  9    XL:     9   Next: 85%
Gold:   366        EV:  8    Int: 26    God:
                   SH:  0    Dex: 12

rFire    + + .     SeeInvis +   j - +3 mace (vorpal)
rCold    x . .     Faith    .   (no shield)
rNeg     . . .     Spirit   .   J - +0 scale mail
rPois    ∞         Reflect  .   e - +1 hat
rElec    .         Harm     .   (no cloak)
rCorr    .         Rampage  .   (no gloves)
Will     .....                  (boots unavailable)
Stlth    ..........             (no amulet)
HPRegen  0.19/turn              s - ring of see invisible
MPRegen  0.00/turn              B - +6 ring of intelligence

@: flying
A: sickness immunity, fire resistance 2, cold vulnerability 1, float, innate
caster, hp casting, extra vitality 1
a: no special abilities


You were on level 7 of the Dungeon.
You visited 1 branch of the dungeon, and saw 8 of its levels.

You collected 366 gold pieces.

Inventory:

Hand Weapons
 a - a +0 dagger
 j - a +3 vorpal mace (weapon)
Missiles
 f - 283 stones
Armour
 b - a +0 robe
 c - a +0 hat
 e - a +1 hat (worn)
 H - a +0 kite shield
 J - a +0 scale mail (worn)
Jewellery
 h - a +6 ring of strength
 s - a ring of see invisible (left hand)
 B - a +6 ring of intelligence (right hand)
 G - a +6 ring of dexterity
Wands
 o - a wand of digging (9)
 t - a wand of charming (22)
 x - a wand of paralysis (9)
 z - a wand of acid (7)
 L - a wand of iceblast (9)
Scrolls
 m - 2 scrolls of enchant armour {unknown}
 n - 6 scrolls of identify {unknown}
 r - a scroll of fog {unknown}
 u - a scroll of immolation {unknown}
 v - a scroll of fear {unknown}
 w - a scroll of magic mapping {unknown}
 y - 3 scrolls of teleportation {unknown}
 D - 4 scrolls of noise {unknown}
 E - a scroll of brand weapon {unknown}
 K - a scroll of summoning {unknown}
 N - a scroll of torment {unknown}
 O - a scroll of amnesia {unknown}
Potions
 d - 2 potions of mutation {unknown}
 g - 2 potions of lignification {unknown}
 i - 2 potions of might {unknown}
 k - a potion of magic {unknown}
 l - 2 potions of haste {unknown}
 p - a potion of cancellation {unknown}
 q - a potion of invisibility {unknown}
 A - 2 potions of brilliance {unknown}
 C - 4 potions of curing {unknown}
 F - 2 potions of heal wounds {unknown}
 I - a potion of berserk rage {unknown}
 M - a potion of flight {unknown}
 P - a potion of resistance {unknown}


   Skills:
 + Level 1.5 Fighting
 + Level 0.6 Armour
 + Level 3.0 Dodging
 - Level 1.7 Stealth
 * Level 9.8 Spellcasting


You had 5 spell levels left.
You knew the following spells:

 Your Spells              Type           Power      Damage    Failure   Level
a - Magic Dart            Conj           100%       1d8       1%          1
b - Blink                 Tloc           N/A        N/A       1%          2
c - Call Imp              Summ           59%        N/A       1%          2
d - Slow                  Hex            59%        N/A       1%          2
e - Conjure Flame         Conj/Fire      59%        6-21      1%          3
f - Mephitic Cloud        Conj/Pois/Air  59%        N/A       1%          3
g - Sandblast             Erth           100%       2d20      1%          1
h - Static Discharge      Conj/Air       59%        N/A       1%          2
i - Stone Arrow           Conj/Erth      100%       3d13      1%          3
j - Confusing Touch       Hex            59%        N/A       1%          3
Your spell library was empty.

Dungeon Overview and Level Annotations

Branches:
Dungeon (8/15)             Temple (0/1) D:6
   Lair: D:8-11

Altars:
Ashenzari
Elyvilon
Okawaru
Qazlal
Yredelemnul

Shops:
D:2 *   D:7 *

Annotations:
D:7 1 runed translucent door, weresquid's ghost, novice MiGl


Innate Abilities, Weirdness & Mutations

You are immune to sickness and miasma.
You are immune to poison.
Your flesh is very heat resistant. (rF++)
You are vulnerable to cold. (rC-)
You float through the air rather than walking.
You learn spells naturally, not from books.
Your magical power is your life essence.
You have superior vitality. (+4 HP)


Message History

The killer bee barely misses you. The killer bee barely misses you.
The killer bee closely misses you.
There is a stone staircase leading up here.
The killer bee barely misses you. The killer bee stings you.
* * * LOW HITPOINT WARNING * * *
The killer bee stings you.
* * * LOW HITPOINT WARNING * * *
The killer bee stings you.
* * * LOW HITPOINT WARNING * * *
You fly upwards.
Level annotation: 1 runed translucent door, weresquid's ghost, novice MiGl
There is a stone staircase leading down here.
Casting: Stone Arrow (safe; 1% risk of failure)
Confirm with . or Enter, or press ? or * to list all spells.
You blink.
* * * LOW HITPOINT WARNING * * *
Casting: Blink (safe; 1% risk of failure)
Confirm with . or Enter, or press ? or * to list all spells.
You blink.
* * * LOW HITPOINT WARNING * * *
Casting: Blink (safe; 1% risk of failure)
Confirm with . or Enter, or press ? or * to list all spells.
You blink.
* * * LOW HITPOINT WARNING * * *
Casting: Blink (safe; 1% risk of failure)
Confirm with . or Enter, or press ? or * to list all spells.
You blink.
* * * LOW HITPOINT WARNING * * *
Casting: Blink (safe; 1% risk of failure)
Confirm with . or Enter, or press ? or * to list all spells.
You blink.
* * * LOW HITPOINT WARNING * * *
The killer bee closely misses you.
There is a stone staircase leading up here.
Casting: Blink (safe; 1% risk of failure)
Confirm with . or Enter, or press ? or * to list all spells.
You don't have enough health to cast this spell.
The killer bee stings you but does no damage.
The killer bee stings you.
You die...

..# #...#.....(.......###. ..#
##................## #.
..#########.................####.
........##.......................
(.................#..............
..................##.............
......###.........###............
...............y..# ##..#######..
...............y@.# #...######...
...............y..###...........#
.............§.....#............#
................................#
.......######...........#######..
......## ####.......## #..
......# #...#...# ##. ......#
##..###..## #.. .....### ##..##
#...## #..


You could see 3 killer bees.

Vanquished Creatures
  Grinder (D:3)
  Eustachio (D:4)
  Sigmund (D:2)
  A steam dragon (D:6)
  Edmund (D:4)
  3 water moccasins (D:7)
  An ice beast (D:7)
  A sky beast (D:6)
  A necrophage (D:5)
  2 centaurs
  An ogre (D:4)
  A phantom (D:5)
  A bullfrog (D:7)
  2 scorpions
  A water moccasin zombie (D:5)
  A wyvern zombie (D:6)
  A wyvern skeleton (D:6)
  A water moccasin skeleton (D:6)
  A bullfrog zombie (D:6)
  A hound (D:6)
  A jelly (D:6)
  Crazy Yiuf (D:6)
  Ijyb (D:3)
  A centaur skeleton (D:5)
  A scorpion zombie (D:5)
  Natasha (thrice) (D:2)
  An iguana (D:5)
  3 orc wizards (D:5)
  Robin (D:1)
  6 adders
  A worm (D:3)
  A dart slug (D:3)
  7 orcs
  8 bats
  4 endoplasms
  4 giant cockroaches
  12 goblins
  10 hobgoblins
  3 jackals
  7 kobolds
  3 quokkas
  6 ball pythons
  9 frilled lizards
  22 rats
140 creatures vanquished.

Vanquished Creatures (others)
  5 plants (D:8)
5 creatures vanquished.

Grand Total: 145 creatures vanquished

Notes
Turn   | Place    | Note
-------+----------+-------------------------------------------
     0 | D:1      | Dann the Djinni Hedge Wizard began the quest for the Orb.
     0 | D:1      | Reached XP level 1. HP: 15/15 MP: 0/0
   116 | D:1      | Reached XP level 2. HP: 8/21 MP: 0/0
   756 | D:1      | Reached skill level 3 in Spellcasting
   929 | D:1      | Reached XP level 3. HP: 23/25 MP: 0/0
   929 | D:1      | Learned a level 1 spell: Sandblast
  1708 | D:2      | Noticed Sigmund
  2408 | D:2      | Noticed Robin
  2849 | D:1      | Killed Robin
  2850 | D:1      | Reached XP level 4. HP: 22/31 MP: 0/0
  3053 | D:2      | Killed Sigmund
  3054 | D:2      | Reached skill level 4 in Spellcasting
  3054 | D:2      | Reached XP level 5. HP: 28/35 MP: 0/0
  3054 | D:2      | Learned a level 2 spell: Static Discharge
  3054 | D:2      | Reached XP level 6. HP: 32/40 MP: 0/0
  3315 | D:2      | Found Maloany's General Store.
  3431 | D:2      | Noticed Natasha
  3435 | D:2      | Killed Natasha
  3459 | D:2      | Found a faded altar of an unknown god.
  3507 | D:2      | Noticed Natasha
  3513 | D:2      | Killed Natasha
  3514 | D:2      | Reached skill level 5 in Spellcasting
  3645 | D:2      | Noticed Natasha
  3649 | D:2      | Killed Natasha
  4321 | D:3      | Found a stormy altar of Qazlal.
  4437 | D:3      | Noticed Grinder
  4453 | D:3      | Killed Grinder
  4454 | D:3      | Reached XP level 7. HP: 20/46 MP: 0/0
  4454 | D:3      | Learned a level 3 spell: Stone Arrow
  4814 | D:3      | Found a basalt altar of Yredelemnul.
  4814 | D:3      | Found an iron altar of Okawaru.
  5247 | D:3      | Noticed Ijyb
  5253 | D:3      | Killed Ijyb
  5254 | D:3      | Reached skill level 6 in Spellcasting
  5684 | D:4      | Noticed Eustachio
  5714 | D:4      | Killed Eustachio
  6034 | D:4      | Noticed Edmund
  6043 | D:4      | Killed Edmund
  6044 | D:4      | Reached XP level 8. HP: 33/51 MP: 0/0
  6240 | D:4      | Reached skill level 7 in Spellcasting
  7207 | D:5      | Entered Level 5 of the Dungeon
  7735 | D:5      | Found a white marble altar of Elyvilon.
  8041 | D:6      | Reached skill level 8 in Spellcasting
  8263 | D:5      | Reached XP level 9. HP: 47/56 MP: 0/0
  8263 | D:5      | Learned a level 3 spell: Confusing Touch
  9056 | D:6      | Reached skill level 9 in Spellcasting
  9296 | D:6      | Found a staircase to the Ecumenical Temple.
  9625 | D:6      | Reached skill level 1 in Fighting
  9748 | D:6      | Found a runed translucent door.
  9749 | D:6      | Noticed Crazy Yiuf
  9753 | D:6      | Killed Crazy Yiuf
 10075 | D:7      | Found a runed translucent door.
 10075 | D:7      | Noticed weresquid's ghost (novice MiGl)
 10539 | D:7      | Found Zypah's Serpentskin Sales.
 10668 | D:7      | Found a broken altar of Ashenzari.
 11320 | D:7      | Slain by a killer bee

Illustrated notes

Levels and vault maps discovered:
D:1:      dpeg_arrival_another_circle, layout_basic, serial_rivers,
          chequers_serial_rivers_small_a, chequers_serial_rivers_small_3,
          chequers_serial_rivers_micro_b, chequers_serial_rivers_micro_d,
          minmay_lizard_pond
D:2:      layout_basic, hellmonk_ecumenical_altar_leap_of_faith, serial_shops,
          shop, kennysheep_generic_room_12, uniq_robin, uniq_sigmund,
          uniq_natasha
D:3:      layout_basic, gammafunk_temple_overflow_elements, old_standard_altar,
          minmay_rat_hole, uniq_ijyb, uniq_grinder
D:4:      layout_basic, minmay_strange_pillars, grunt_decor_clamped,
          minmay_misc_feat_plants, minivault_5, uniq_edmund, uniq_eustachio
D:5:      layout_basic, elyvilon_altar_4, minmay_misc_feat_five,
          kennysheep_small_square
D:6:      layout_rooms, minmay_temple_entry_statues_pillars,
          portal_sewer_entry_b, uniq_crazy_yiuf_cottage
D:7:      layout_layer_cave, cheibrodos_ashenzari_chains,
          hellmonk_ghost_happy_afterlife, guppyfry_shop_venom
D:8:      minmay_quarter_circles, layout_layer_cave,
          grunt_temple_overflow_growth_and_decay, serial_shops, shop

Skill      XL: |  1  2  3  4  5  6  7  8  9 |
---------------+----------------------------+-----
Spellcasting   | 3 4 5 6 8 9 |  9.8
Fighting       | 1 |  1.5
Dodging        | 3 |  3.0
Armour         | |  0.6
Stealth        | |  1.7

Action                   |  1- 3 |  4- 6 |  7- 9 || total
-------------------------+-------+-------+-------++-------
Melee: Mace              |       |     1 |       ||     1
 Cast: Magic Dart        |   101 |    46 |   126 ||   273
       Sandblast         |     4 |    13 |     6 ||    23
       Blink             |     3 |       |    14 ||    17
       Slow              |     2 |     7 |    11 ||    20
       Mephitic Cloud    |     1 |       |       ||     1
       Call Imp          |     1 |       |       ||     1
       Conjure Flame     |       |     2 |       ||     2
       Stone Arrow       |       |       |    78 ||    78
Armor: Robe              |     8 |     5 |     1 ||    14
       Scale mail        |       |       |     9 ||     9
Dodge: Dodged            |    30 |     2 |    12 ||    44
Block: Kite shield       |       |       |     2 ||     2
